 Dungeon Crawl Stone Soup version 0.27-a0-1595-g0b823d0a13 (webtiles) character file.

Game seed: 8132778247124335136

518 ezpacito the Distorting Demonspawn (level 7, -4/54 HPs)
             Began as a Demonspawn Abyssal Knight on July 17, 2021.
             Was a Believer of Lugonu.
             Killed from afar by an orc wizard (7 damage)
             ... with a puff of flame
             ... on level 4 of the Dungeon on July 20, 2021.
             The game lasted 00:05:20 (3752 turns).

ezpacito the Distorting Demonspawn (DsAK)           Turns: 3752, Time: 00:05:20

Health: -4/54      AC:  7    Str: 13    XL:     7   Next: 1%
Magic:  10/10      EV: 11    Int: 19    God:    Lugonu [**....]
Gold:   200        SH:  0    Dex: 14    Spells: 10/10 levels left

rFire    . . .     SeeInvis .   m - +0 war axe (flame)
rCold    . . .     Faith    .   (no shield)
rNeg     . . .     Spirit   .   o - +0 ring mail
rPois    .         Reflect  .   (helmet restricted)
rElec    .         Harm     .   (no cloak)
rCorr    .         Rampage  .   p - +0 pair of gloves
Will     .....                  (no boots)
Stlth    +.........             (no amulet)
HPRegen  0.18/turn              d - +6 ring of intelligence
MPRegen  0.12/turn              (no ring)

@: mighty
A: antennae 1, demonic guardian 1, ignite blood 1, sharp scales 1
a: Renounce Religion, Depart the Abyss, Bend Space


You were on level 4 of the Dungeon.
You worshipped Lugonu.
Lugonu was pleased with you.
You visited 1 branch of the dungeon, and saw 4 of its levels.
You visited the Abyss 1 time.

You collected 200 gold pieces.

Inventory:

Hand Weapons
 a - a +1 hand axe
 m - a +0 war axe of flaming (weapon)
Missiles
 e - 152 stones
Armour
 o - a +0 ring mail (worn)
 p - a +0 pair of gloves (worn)
Jewellery
 d - a +6 ring of intelligence (left hand)
Wands
 h - a wand of iceblast (7)
Scrolls
 f - 2 scrolls of fog
 k - a scroll of amnesia
Potions
 g - a potion of attraction
 i - a potion of haste


   Skills:
 + Level 4.0 Fighting
 + Level 3.0 Axes
 + Level 3.1 Armour
 + Level 2.5 Dodging
 + Level 2.3 Spellcasting
 + Level 4.4 Invocations
 + Level 2.0 Evocations


You had 10 spell levels left.
You didn't know any spells.
Your spell library contained the following spells:

 Spells                   Type           Power      Damage    Failure   Level
 Magic Dart               Conj           8%         1d3       34%         1
 Call Imp                 Summ           2%         N/A       45%         2
 Poisonous Vapours        Pois/Air       4%         N/A       45%         2
 Mephitic Cloud           Conj/Pois/Air  2%         N/A       71%         3
 Freezing Cloud           Conj/Ice/Air   1%         6-21      100%        5


Dungeon Overview and Level Annotations

Branches:
Dungeon (4/15)
 Temple: D:4-7

Altars:


Innate Abilities, Weirdness & Mutations

You have a pair of small antennae on your head.
A weak demonic guardian rushes to your aid.
Your demonic aura sometimes causes spilled blood to erupt in flames.
You are partially covered in razor-sharp scales. (AC +1, Slay +1)


Message History

The jackal closely misses you.
You miss something. You closely miss the jackal.
You hear some strange, mumbled words.
A puff of flame appears from out of thin air!
The puff of flame hits you!
* * * LOW HITPOINT WARNING * * *
The jackal bites you but does no damage.
Something hits you but does no damage. The jackal misses you.
You feel very mighty all of a sudden.
The jackal bites you but does no damage.
Something hits you.
* * * LOW HITPOINT WARNING * * *
Aiming: Iceblast
Press: ? - help, Shift-Dir - straight line, f - orc
Aim: an orc, wielding a +0 flail The mass of ice explodes!
The iceblast engulfs something!
The iceblast engulfs you.
* * * LOW HITPOINT WARNING * * *
A demonic guardian appears!
The iceblast engulfs the orc!
You kill the orc!
Lugonu accepts your kill.
You hear a shout! x3
The jackal barely misses you. Something hits you but does no damage.
Something hits you.
* * * LOW HITPOINT WARNING * * *
The jackal closely misses you.
You hit something. You burn something. You completely miss the jackal.
Something hits you but does no damage. The jackal barely misses you.
Your shadow imp hits the jackal.
Something hits you but does no damage.
You miss something. You closely miss the jackal. The jackal bites you.
* * * LOW HITPOINT WARNING * * *
Something hits you but does no damage. The jackal barely misses you.
Your shadow imp gestures at the jackal.
The jackal writhes in agony!
The jackal dies!
Lugonu accepts your kill.
You hear some strange, mumbled words.
A puff of flame appears from out of thin air!
The puff of flame hits you!
You die...

.........# ..
.........# ...
.........#####...
........)........
............o....
##.######h.......
#.o......
#$######).....##
#.5†@{).......#
#.(.######.....##
## >......#
##......#
#......# ######.#
.# #


You could see a friendly shadow imp (summoned).

Vanquished Creatures
  A necrophage (D:4)
  A centaur (D:4)
  A scorpion (D:4)
  A howler monkey (D:4)
  3 hounds
  A bullfrog skeleton (D:4)
  A hound skeleton (D:4)
  3 adders
  5 worms
  A dart slug (D:1)
  6 orcs
  6 endoplasms
  2 giant cockroaches (D:1)
  3 goblins
  8 hobgoblins
  A jackal (D:4)
  3 quokkas
  6 ball pythons
  4 bats
  5 frilled lizards
  7 kobolds
  3 rats
72 creatures vanquished.

Vanquished Creatures (collateral kills)
  A centaur skeleton (D:4)
  A hobgoblin (D:4)
  A jackal (D:4)
3 creatures vanquished.

Grand Total: 75 creatures vanquished

Notes
Turn   | Place    | Note
-------+----------+-------------------------------------------
     0 | Abyss:1  | ezpacito the Demonspawn Abyssal Knight began the quest for
                  | the Orb.
     0 | Abyss:1  | Reached XP level 1. HP: 18/18 MP: 2/2
   102 | Abyss:2  | Noticed a large abomination
   103 | Abyss:2  | Noticed a chaos spawn
   105 | D:1      | Escaped the Abyss
   162 | D:1      | Reached skill level 1 in Dodging
   486 | D:1      | Gained mutation: You are partially covered in razor-sharp
                  | scales. (AC +1, Slay +1) [demonic ancestry]
   486 | D:1      | Reached XP level 2. HP: 23/24 MP: 3/3
   727 | D:1      | Reached * piety under Lugonu
  1178 | D:2      | Reached XP level 3. HP: 24/29 MP: 5/5
  2250 | D:3      | Reached skill level 1 in Spellcasting
  2250 | D:3      | Gained mutation: You have a pair of small antennae on your
                  | head. [demonic ancestry]
  2250 | D:3      | Reached XP level 4. HP: 16/35 MP: 6/6
  2908 | D:4      | Gained mutation: Your demonic aura sometimes causes spilled
                  | blood to erupt in flames. [demonic ancestry]
  2908 | D:4      | Reached XP level 5. HP: 30/41 MP: 7/7
  2911 | D:4      | Reached skill level 1 in Evocations
  2935 | D:4      | Reached ** piety under Lugonu
  3187 | D:4      | Noticed a centaur
  3194 | D:4      | Killed a centaur
  3195 | D:4      | Gained mutation: A weak demonic guardian rushes to your
                  | aid. [demonic ancestry]
  3195 | D:4      | Reached XP level 6. HP: 6/48 MP: 7/9
  3203 | D:3      | Upgraded the game from 0.27-a0-1565-gad902ab807 to
                  | 0.27-a0-1595-g0b823d0a13
  3733 | D:4      | Reached XP level 7. HP: 27/54 MP: 10/10
  3752 | D:4      | Killed from afar by an orc wizard

Illustrated notes

Levels and vault maps discovered:
D:1:      amcnicky_arrival_feature_with_door, layout_basic
D:2:      layout_basic, kennysheep_generic_room_11
D:3:      layout_loops_ring, serial_rivers, chequers_serial_rivers_small_b,
          chequers_serial_rivers_micro_b, chequers_serial_rivers_marsh,
          chequers_serial_rivers_micro_c, chequers_serial_rivers_large_b,
          chequers_serial_rivers_small_a, minmay_pentomino_pile
D:4:      minmay_chambers_of_threes, layout_basic, serial_shops, shop,
          minmay_misc_feat_hallway, uniq_edmund

Skill      XL: |  1  2  3  4  5  6 |
---------------+-------------------+-----
Dodging        | 1 2 |  2.5
Armour         | 2 3 |  3.1
Axes           | 2 3 |  3.0
Invocations    | 3 4 |  4.4
Spellcasting   | 1 2 |  2.3
Evocations     | 1 2 |  2.0
Fighting       | 4 |  4.0

Action                   |  1- 3 |  4- 6 |  7- 9 || total
-------------------------+-------+-------+-------++-------
Melee: Hand axe          |   104 |       |       ||   104
       War axe           |    17 |    78 |    10 ||   105
Invok: Depart the Abyss  |     1 |       |       ||     1
Evoke: Wand              |       |     2 |     1 ||     3
  Use: Scroll            |     2 |     6 |       ||     8
       Potion            |       |     3 |     1 ||     4
 Stab: Distracted        |       |     1 |       ||     1
Armor: Leather armour    |    41 |       |       ||    41
       Ring mail         |       |    43 |    13 ||    56
Dodge: Dodged            |    68 |    73 |    12 ||   153

Table legend: (Time is in decaauts)
 A = Elapsed time spent in this place.
 B = Non-inter-level travel time spent in this place.
 C = Inter-level travel time spent in this place.
 D = Time resting spent in this place.
 E = Time spent auto-exploring this place.
 F = Levels seen in this place.
 G = Mean time per level.
                   A        B        C        D        E       F      G
               +--------+--------+--------+--------+--------+-----+--------+
         Total |   3824 |   3786 |     38 |   1066 |   2163 |   6 |  637.3 |
       Dungeon |   3719 |   3681 |     38 |   1066 |   2078 |   4 |  929.8 |
         Abyss |    105 |    105 |      0 |      0 |     84 |   2 |   52.5 |
               +--------+--------+--------+--------+--------+-----+--------+

Top non-repeatable levels by time:
     D:3: 1800 daAuts
     D:2: 761 daAuts
     D:1: 760 daAuts
     D:4: 397 daAuts
 Abyss:1: 73 daAuts
 Abyss:2: 31 daAuts
